 Dungeon Crawl Stone Soup version 0.22.1-2-g9c5b331 (webtiles) character file.

6241 whitewolfNL the Spear-Bearer (level 10, -3/126 HPs)
             Began as a Minotaur Berserker on Dec 8, 2018.
             Was a High Priest of Trog.
             Slain by Snorg (14 damage)
             ... on level 10 of the Dungeon.
             The game lasted 00:34:04 (9094 turns).

whitewolfNL the Spear-Bearer (Minotaur Berserker)   Turns: 9094, Time: 00:34:05

Health: -3/126     AC: 17    Str: 28    XL:     10   Next: 62%
Magic:  11/11      EV: 10    Int:  5    God:    Trog [*****.]
Gold:   505        SH:  6    Dex: 15    Spells: 9/9 levels left

rFire    + . .     SeeInvis .   C - +5 war axe (curse)
rCold    . . .     Gourm    .   Q - +0 buckler
rNeg     . . .     Faith    .   F - +0 plate armour
rPois    .         Spirit   .   (helmet restricted)
rElec    .         Reflect  +   N - +2 cloak
rCorr    .         Harm     .   (no gloves)
MR       +....                  (no boots)
Stlth    ..........             a - +2 amulet of reflection
HPRegen  0.31/turn              r - ring "Kimiveac" {rF+ Dex+4}
MPRegen  0.12/turn              q - ring of protection from magic

@: berserking, very quick
A: retaliatory headbutt, horns 2
a: Berserk, Trog's Hand, Brothers in Arms, Renounce Religion


You were on level 10 of the Dungeon.
You worshipped Trog.
Trog was extremely pleased with you.
You were not hungry.

You visited 1 branch of the dungeon, and saw 10 of its levels.

You collected 505 gold pieces.

Inventory:

Hand Weapons
 b - a +0 blowgun
 e - a +2 halberd of chopping
 C - a cursed +5 war axe (weapon)
 G - a +0 flail
Missiles
 i - 76 poisoned needles
 o - 89 sling bullets
 p - 61 bolts
 u - 90 arrows
 J - a throwing net (quivered)
Armour
 F - a +0 plate armour (worn)
 N - a +2 cloak (worn)
 P - a +0 shield
 Q - a +0 buckler (worn)
Jewellery
 a - a +2 amulet of reflection (around neck)
 q - a ring of protection from magic (right hand)
 r - the ring "Kimiveac" (left hand) {rF+ Dex+4}
   (You found it on level 6 of the Dungeon)

   [ring of dexterity]

   It affects your dexterity (+4).
   It protects you from fire.
 z - an uncursed amulet of the acrobat
Wands
 v - a wand of acid (14)
 w - a wand of iceblast (11)
 I - a wand of random effects (59)
 L - a wand of flame (45)
Scrolls
 d - a scroll of enchant weapon {unknown}
 f - a scroll of fog
 j - 3 scrolls of enchant armour {unknown}
 k - a scroll of teleportation
 t - 2 scrolls of immolation {unknown}
 x - 2 scrolls of blinking {unknown}
 y - 2 scrolls of random uselessness {unknown}
 B - 2 scrolls of remove curse
 E - a scroll of amnesia {unknown}
 K - a scroll of fear {unknown}
 M - a scroll of holy word {unknown}
Potions
 g - 2 potions of might {unknown}
 h - a potion of mutation {unknown}
 l - 2 potions of invisibility
 m - a potion of berserk rage {unknown}
 n - 4 potions of lignification {unknown}
 s - 3 potions of agility {unknown}
 A - a potion of ambrosia {unknown}
 D - a potion of flight {unknown}
 H - 2 potions of degeneration {unknown}
 O - a potion of heal wounds {unknown}
Comestibles
 c - 15 rations
 R - 2 chunks of flesh


   Skills:
 + Level 6.5 Fighting
 * Level 5.0(9.3) Axes
 - Level 4.1(5.3) Maces & Flails
 - Level 11.2(11.6) Polearms
 * Level 9.3 Armour
 * Level 6.1 Dodging
 - Level 4.0 Stealth
 * Level 0.7 Shields
 * Level 3.9 Evocations


You had 9 spell levels left.
You didn't know any spells.
Your spell library was empty.

Dungeon Overview and Level Annotations

Branches:
Dungeon (10/15)            Temple (0/1) D:4            Lair (0/6) D:8
    Orc: D:9-12

Altars:
Dithmenos
Elyvilon
Okawaru
Qazlal
Sif Muna
Uskayaw
Vehumet
Wu Jian
Xom
Yredelemnul
The Shining One

Annotations:
D:6 1 transporter
D:10 Snorg


Innate Abilities, Weirdness & Mutations

You reflexively headbutt those who attack you in melee.
You have a pair of horns on your head.


Message History

Snorg bites you!!
* * * LOW HITPOINT WARNING * * *
Snorg claws you but does no damage. Snorg claws you.
* * * LOW HITPOINT WARNING * * *
A red film seems to cover your vision as you go berserk!
You feel yourself moving faster!
You feel mighty!
You feel a lot more hungry. You block Snorg's attack.
Snorg claws you but does no damage. Snorg misses you.
Snorg completely misses you. Snorg claws you.
* * * LOW HITPOINT WARNING * * *
Snorg claws you but does no damage.
You slash Snorg! You headbutt Snorg!!
Snorg is heavily wounded.
Snorg bites you!!
* * * LOW HITPOINT WARNING * * *
You block Snorg's attack. x2
You slice Snorg!! You headbutt Snorg!!
Snorg is severely wounded.
Snorg barely misses you. You furiously retaliate!
You headbutt Snorg!! Snorg claws you but does no damage. Snorg claws you!
You die...

### #### #<. ..# #.#
#.# #..
####.###.#.###
####......@.....#
..........#T#...#
#######†####.. .# #
#.# #...
#..#######.#####....#
#..................##
##.###.##########...#
#.# #.# #.#


You could see Snorg (berserk).

Vanquished Creatures
  The ghost of buskinjo the Insei, a novice OpTm of Gozag (D:6)
  A troll (D:9)
  Grinder (D:5)
  3 hippogriffs (D:7)
  Sigmund (D:3)
  A wyvern (D:9)
  Menkaure (D:7)
  2 wargs
  Duvessa (D:5)
  An orc warrior (D:8)
  2 sky beasts
  A phantom (D:6)
  3 ice beasts
  2 centaurs
  7 ogres
  6 bullfrogs
  Dowan (D:5)
  4 scorpions
  3 killer bees (D:9)
  8 wights
  A howler monkey (D:5)
  2 electric eels (D:6)
  3 crimson imps
  A bullfrog zombie (D:8)
  4 quasits (D:6)
  A centaur zombie (D:4)
  3 centaur skeletons
  A hound (D:7)
  3 jellies
  A bullfrog skeleton (D:4)
  4 orc priests
  5 orc wizards
  4 iguanas
  5 worker ants
  A hound skeleton (D:7)
  A howler monkey zombie (D:7)
  11 gnolls
  5 adders
  2 shadow imps
  2 oozes
  An adder skeleton (D:4)
  3 worms
  4 leopard geckos
  18 orcs
  2 ball pythons
  3 giant cockroaches
  8 hobgoblins
  12 jackals
  7 bats
  2 frilled lizards (D:1)
  A giant cockroach zombie (D:6)
  A kobold (D:3)
  A leopard gecko zombie (D:7)
  A quokka skeleton (D:7)
  8 rats
  2 plants (D:6)
184 creatures vanquished.

Vanquished Creatures (others)
  A quokka (D:7)
  A plant (D:6)
2 creatures vanquished.

Grand Total: 186 creatures vanquished

Notes
Turn   | Place    | Note
-------+----------+-------------------------------------------
     0 | D:1      | whitewolfNL the Minotaur Berserker began the quest for the
                  | Orb.
     0 | D:1      | Reached XP level 1. HP: 19/19 MP: 0/0
    15 | D:1      | Reached XP level 2. HP: 27/27 MP: 1/1
   828 | D:2      | Reached skill level 1 in Polearms
   828 | D:2      | Reached XP level 3. HP: 33/33 MP: 2/2
   914 | D:2      | Found a deep blue altar of Sif Muna.
  1801 | D:3      | Noticed Sigmund
  1807 | D:3      | Killed Sigmund
  1807 | D:3      | Reached ** piety under Trog
  1807 | D:3      | Reached skill level 3 in Polearms
  1807 | D:3      | Reached skill level 1 in Stealth
  1807 | D:3      | Reached XP level 4. HP: 40/40 MP: 3/3
  1807 | D:3      | Reached XP level 5. HP: 46/46 MP: 4/4
  1865 | D:3      | Reached skill level 4 in Polearms
  2092 | D:3      | Reached XP level 6. HP: 28/53 MP: 5/5
  2946 | D:4      | Reached skill level 5 in Polearms
  3060 | D:4      | Found a staircase to the Ecumenical Temple.
  3249 | D:5      | Entered Level 5 of the Dungeon
  3249 | D:5      | Noticed a sky beast
  3253 | D:5      | Killed a sky beast
  3253 | D:5      | Reached XP level 7. HP: 40/60 MP: 6/6
  3432 | D:5      | Found a radiant altar of Vehumet.
  3434 | D:5      | Reached skill level 5 in Armour
  3444 | D:5      | Reached skill level 6 in Polearms
  3447 | D:5      | Noticed Dowan
  3450 | D:5      | Noticed Duvessa
  3456 | D:5      | Killed Duvessa
  3456 | D:5      | Reached *** piety under Trog
  3458 | D:5      | Killed Dowan
  3639 | D:5      | Noticed Grinder
  3645 | D:5      | Reached skill level 7 in Polearms
  3656 | D:5      | Killed Grinder
  3656 | D:5      | Reached XP level 8. HP: 42/67 MP: 7/7
  3958 | D:5      | Reached skill level 1 in Evocations
  4272 | D:5      | Reached skill level 5 in Fighting
  4272 | D:5      | Reached skill level 8 in Polearms
  4824 | D:6      | Reached skill level 9 in Polearms
  4913 | D:6      | Reached XP level 9. HP: 19/74 MP: 9/9
  4913 | D:6      | Reached **** piety under Trog
  5269 | D:6      | Found a transporter.
  5276 | D:6      | Noticed buskinjo's ghost (novice OpTm)
  5302 | D:6      | Found a shadowy altar of Dithmenos.
  5320 | D:6      | Found a transporter.
  5895 | D:6      | Reached skill level 10 in Polearms
  5895 | D:6      | Reached skill level 5 in Dodging
  5951 | D:6      | Found an ornate altar of the Wu Jian Council.
  6261 | D:6      | Got the ring "Kimiveac" {Dex+4}
  6288 | D:6      | Killed buskinjo's ghost
  6328 | D:6      | Identified the ring "Kimiveac" {rF+ Dex+4} (You found it on
                  | level 6 of the Dungeon)
  6473 | D:7      | Found a basalt altar of Yredelemnul.
  6474 | D:7      | Noticed Menkaure
  6481 | D:7      | Killed Menkaure
  6656 | D:7      | Reached skill level 11 in Polearms
  6861 | D:7      | Found a white marble altar of Elyvilon.
  6866 | D:7      | Reached XP level 10. HP: 83/83 MP: 11/11
  7673 | D:8      | Reached skill level 1 in Axes
  7685 | D:8      | Found a staircase to the Lair.
  7711 | D:9      | Found an iron altar of Okawaru.
  8148 | D:9      | Found a hide-covered altar of Uskayaw.
  8151 | D:9      | Noticed a dagger
  8151 | D:9      | Noticed a dagger
  8282 | D:9      | Found a shimmering altar of Xom.
  8352 | D:9      | Reached ***** piety under Trog
  8569 | D:9      | Found a glowing golden altar of the Shining One.
  8989 | D:10     | Entered Level 10 of the Dungeon
  9017 | D:10     | Found a stormy altar of Qazlal.
  9078 | D:10     | Reached skill level 5 in Axes
  9085 | D:10     | Noticed Snorg
  9094 | D:10     | Slain by Snorg

Skill      XL: |  1  2  3  4  5  6  7  8  9 10 |
---------------+-------------------------------+-----
Maces & Flails | 4 |  4.1
Polearms       | 1 3 4 5 7 9 11 | 11.2
Fighting       | 4 5 6 |  6.5
Armour         | 3 4 5 6 8 9 |  9.3
Stealth        | 1 2 3 4 |  4.0
Dodging        | 3 4 5 6 |  6.1
Evocations     | 2 3 |  3.9
Axes           | 5 |  5.0
Shields        | |  0.7

Action                   |  1- 3 |  4- 6 |  7- 9 | 10-12 || total
-------------------------+-------+-------+-------+-------++-------
Melee: Mace              |     2 |       |       |       ||     2
       Headbutt          |     6 |     7 |    36 |    47 ||    96
       Halberd           |    48 |    49 |   192 |     8 ||   297
       War axe           |       |       |       |   114 ||   114
Invok: Berserk           |     4 |     1 |    11 |     6 ||    22
  Use: Scroll            |     2 |     2 |     2 |     2 ||     8
 Stab: Sleeping          |       |     1 |     1 |       ||     2
  Eat: Chunk             |     4 |     4 |    10 |    10 ||    28
       Ration            |     1 |       |     3 |     1 ||     5
Armor: Animal skin       |     9 |       |       |       ||     9
       Ring mail         |    23 |    22 |    11 |       ||    56
       Plate armour      |       |       |   113 |    79 ||   192
Dodge: Dodged            |    41 |    40 |   222 |    80 ||   383
Block: Buckler           |       |       |       |    13 ||    13
       Other             |       |       |       |    13 ||    13
